 Seeded DCSS version 0.30-a0-852-g08b95dd62f (webtiles) character file.

Game seed: 8785973157370537715 (custom seed)

81 demibob the Chopper (level 4, 32/32 HPs)
             Began as a Demonspawn Wanderer on Mar 4, 2023.
             Quit the game on level 2 of the Dungeon.
             The game lasted 00:01:38 (1507 turns).

demibob the Chopper (Demonspawn Wanderer)           Turns: 1507, Time: 00:01:38

Health: 32/32      AC:  3    Str: 13    XL:     4   Next: 19%
Magic:  7/7        EV: 11    Int: 19    God:
Gold:   161        SH:  0    Dex: 10    Spells: 6/7 levels left

rFire   . . .      SeeInvis .    a - +0 hand axe
rCold   . . .      Faith    .    (no shield)
rNeg    . . .      Spirit   .    d - +0 robe
rPois   .          Reflect  .    (no helmet)
rElec   .          Rampage  .    (no cloak)
rCorr   .                        b - +0 pair of gloves
Will    .....                    (no boots)
Stlth   +                        (no amulet)
HPRegen 0.25/turn                (no ring)
MPRegen 0.10/turn                (no ring)

@: no status effects
A: spiny 2, talons 1, clever 1
a: no special abilities


You were on level 2 of the Dungeon.
You visited 1 branch of the dungeon, and saw 2 of its levels.

You collected 161 gold pieces.


Innate Abilities, Weirdness & Mutations

You are mostly covered in sharp spines.
You have sharp toenails.
Your mind is acute. (Int +4, Str/Dex -1)


   Skills:
 - Level 1.0 Fighting
 + Level 5.2 Axes
 - Level 1.0 Stealth
 - Level 2.0 Spellcasting
 - Level 2.0 Conjurations


You had 6 spell levels left.
You knew the following spells:

 Your Spells              Type           Power      Damage    Failure   Level
m - Magic Dart            Conj           36%        1d4       8%          1

Your spell library contained the following spells:

 Spells                   Type           Power      Damage    Failure   Level
 Dazzling Flash           Conj/Hex       10%        N/A       32%         3
 Hailstorm                Conj/Ice       5%         3d4       32%         3
 Mephitic Cloud           Conj/Pois/Air  4%         N/A       36%         3
 Ice Form                 Ice/Tmut       1%         N/A       86%         4
 Simulacrum               Ice/Necr       0%         N/A       100%        6

Inventory:

Hand Weapons
 a - a +0 hand axe (weapon)
Armour
 b - a +0 pair of gloves (worn)
 d - a +0 robe (worn)
Jewellery
 I - a +6 ring of intelligence
Scrolls
 c - a scroll of blinking
 e - a scroll of amnesia {unknown}
 f - a scroll of fear {unknown}
 g - a scroll of fog {unknown}
 h - 2 scrolls of enchant weapon {unknown}
 i - 2 scrolls of identify {unknown}
 j - a scroll of magic mapping {unknown}
 l - a scroll of acquirement
 m - a scroll of poison {unknown}
 n - a scroll of teleportation {unknown}
Potions
 k - 2 potions of flight {unknown}

Dungeon Overview and Level Annotations

Branches:
Dungeon (2/15)

Altars:

#.# ##.###.# #.##########
#.###.## #..........#
#.##...##
##########.###.#.....#
#..........#......
#.####.##........# #.#
#....#.#...##
#########.####..#...######
#........@......##.## #
####.#######.#####.##.# #
#........).(.#####.##.## #
#.##.#######.#.........# #
#####.##.# #.....###...# #
#.....##.#
#.#....#.##.######
#.######.#
#.#..#..###.#...## #.# #.#
##.#.###.........## #.#
#.# #.†...#..##..#...##


There were no monsters in sight!


Message History

You see here a scroll labelled IPRUZEE REUF.
The dart slug launches a dart at you. The slug dart hits you.
You completely miss the dart slug. You claw the dart slug.
The dart slug is heavily wounded.
The dart slug is struck by your spines. The dart slug bites you.
You hit the dart slug.
You kill the dart slug!
No target in view!
No target in view!
No target in view!
No target in view!
No target in view!
HP restored.
g - a scroll labelled IPRUZEE REUF
k - 2 green potions You see here a +0 dagger.
You see here a +0 dagger.
Found a stone staircase leading up.
n - a scroll labelled WUSEQ VEC QUPE
There is a stone staircase leading up here.
You see here a dart slug corpse.
Done exploring.
Done exploring.
Done exploring.
Done exploring.
Done exploring.
This is a scroll of acquirement!
Something appears at your feet!
Are you sure you want to abandon this character and quit the game? (Confirm with "yes".)

Skill      XL: |  1  2  3 |
---------------+----------+-----
Axes           | 4 5 |  5.2
Fighting       | |  1.0
Stealth        | |  1.0
Spellcasting   | |  2.0
Conjurations   | |  2.0

Action                     |  1- 3 |  4- 6 || total
---------------------------+-------+-------++-------
  Melee: Hand axe          |    78 |     9 ||    87
         Kick              |       |     2 ||     2
    Use: Potion            |     3 |       ||     3
         Scroll            |       |     1 ||     1
   Stab: Sleeping          |     6 |     1 ||     7
 Armour: Robe              |    20 |     2 ||    22
  Dodge: Dodged            |    45 |     4 ||    49

Levels and vault maps discovered:
D:1:      scummos_arrival_simple_crosswalls, layout_basic
D:2:      layout_loops_ring, minmay_cupped

Notes
Turn   | Place    | Note
-------+----------+-------------------------------------------
     0 | D:1      | demibob the Demonspawn Wanderer began the quest for the
                  | Orb.
     0 | D:1      | demibob set off with the following items: a +0 hand axe, a
                  | +0 pair of gloves, a scroll of blinking, a +0 robe; and the
                  | following spell memorised: Magic Dart; and the following
                  | spells available to memorise: Dazzling Flash, Mephitic
                  | Cloud.
     0 | D:1      | Reached XP level 1. HP: 15/15 MP: 3/3
   138 | D:1      | Reached skill level 4 in Axes
   145 | D:1      | Gained mutation: You are partially covered in sharp spines.
                  | [demonic ancestry]
   145 | D:1      | Reached XP level 2. HP: 20/21 MP: 5/5
   418 | D:1      | Gained mutation: You are mostly covered in sharp spines.
                  | [demonic ancestry]
   418 | D:1      | Reached XP level 3. HP: 20/26 MP: 6/6
   801 | D:2      | Reached skill level 5 in Axes
   806 | D:2      | Gained mutation: You have sharp toenails. [potion of
                  | mutation]
   806 | D:2      | Gained mutation: Your mind is acute. (Int +4, Str/Dex -1)
                  | [potion of mutation]
   853 | D:2      | Reached XP level 4. HP: 20/32 MP: 7/7
  1506 | D:2      | Identified 2 scrolls of acquirement
  1506 | D:2      | Acquired the +0 cloak of Zaithrelo {rElec rN+}
  1507 | D:2      | Quit the game

Vanquished Creatures
  3 adders (D:2)
  A dart slug (D:2)
  2 bats (D:1)
  2 endoplasms
  2 giant cockroaches (D:1)
  6 goblins
  6 hobgoblins
  7 jackals (D:1)
  3 quokkas
  3 ball pythons
  A frilled lizard (D:1)
  6 kobolds
  4 rats
46 creatures vanquished.

Table legend: (Time is in decaauts)
 A = Elapsed time spent in this place.
 B = Non-inter-level travel time spent in this place.
 C = Inter-level travel time spent in this place.
 D = Time resting spent in this place.
 E = Time spent auto-exploring this place.
 F = Levels seen in this place.
 G = Mean time per level.
                   A        B        C        D        E       F      G
               +--------+--------+--------+--------+--------+-----+--------+
         Total |   1514 |   1500 |     14 |    136 |   1099 |   2 |  757.0 |
       Dungeon |   1514 |   1500 |     14 |    136 |   1099 |   2 |  757.0 |
               +--------+--------+--------+--------+--------+-----+--------+

Top non-repeatable levels by time:
     D:2: 873 daAuts
     D:1: 640 daAuts

Table legend:
 A = Non-vault XP
 B = Vault XP
 C = Vault XP percentage of total XP
 D = Non-vault monster count
 E = Vault monster count
 F = Vault count percentage of total count
                 A         B        C        D         E       F
            +---------+---------+-------+---------+---------+-------
      Total |      99 |      17 |  14.7 |      42 |       4 |   8.7
            +---------+---------+-------+---------+---------+-------
        D:1 |      47 |       0 |   0.0 |      27 |       0 |   0.0
        D:2 |      52 |      17 |  24.6 |      15 |       4 |  21.1
            +---------+---------+-------+---------+---------+-------
